 Dungeon Crawl Stone Soup version 0.26-a0-665-gefeb406119 (webtiles) character file.

Game seed: 15642732009909230941

33077 robertstho the Frost Mage (level 13, 0/99 HPs)
             Began as a Gnoll Ice Elementalist on Oct 13, 2020.
             Was an Elder of Sif Muna.
             Slain by an elephant (12 damage)
             ... on level 4 of the Lair of Beasts.
             The game lasted 00:46:27 (18964 turns).

robertstho the Frost Mage (Gnoll Ice Elementalist) Turns: 18964, Time: 00:46:28

Health: 0/99       AC:  9    Str:  7    XL:     13   Next: 68%
Magic:  3/35       EV: 19    Int: 26    God:    Sif Muna [****..]
Gold:   758        SH:  0    Dex: 17    Spells: 16/31 levels left

rFire    x . .     SeeInvis .   N - +5 glaive of the Snake Pit {flame, rF- rN++}
rCold    + . .     Faith    .   (shield currently unavailable)
rNeg     + + .     Spirit   .   b - +0 robe
rPois    .         Reflect  .   T - +1 hat
rElec    +         Harm     .   c - +2 cloak
rCorr    .         Rampage  .   q - +1 pair of gloves
MR       +....                  (no boots)
Stlth    ++++......             F - amulet of regeneration
HPRegen  0.66/turn              O - ring of protection from cold
MPRegen  0.24/turn              M - ring "Yrezuny" {rElec MR+ MP+9 Str-4 Int+5}

@: frozen ramparts, lightly drained
A: distributed training, fangs 1, strong nose
a: Channel Magic, Forget Spell, Divine Exegesis, Renounce Religion


You were on level 4 of the Lair of Beasts.
You worshipped Sif Muna.
Sif Muna was greatly pleased with you.
You visited 3 branches of the dungeon, and saw 17 of its levels.
You also visited: Sewer, Ossuary and Volcano.

You collected 1216 gold pieces.
You spent 458 gold pieces at shops.

Inventory:

Hand Weapons
 d - the +1 quarterstaff of the Poles {flame, Int+3}
   (You found it on level 6 of the Dungeon)

   It has been specially enchanted to burn those struck by it, causing extra
   injury to most foes and up to half again as much damage against particularly
   susceptible opponents.
   It affects your intelligence (+3).
 e - a +0 broad axe of flaming
 v - a +1 mace of protection
 D - a +1 war axe of freezing
 I - a +2 rapier of draining
 J - a +1 scimitar of flaming
 N - the +5 glaive of the Snake Pit (weapon) {flame, rF- rN++}
   (You found it on level 10 of the Dungeon)

   It has been specially enchanted to burn those struck by it, causing extra
   injury to most foes and up to half again as much damage against particularly
   susceptible opponents.
   Big, fiery blades are also staple armaments of hydra-hunters.
   It makes you vulnerable to fire.
   It greatly protects you from negative energy.
 S - the +1 rapier "Jephuvak" {vorpal, *Drain +Fly rPois Str+7}
   (You found it in a volcano)

   It inflicts extra damage upon your enemies.
   It affects your strength (+7).
   It protects you from poison.
   It lets you fly.
   It causes draining when unequipped.
Missiles
 r - 47 poisoned darts (quivered)
Armour
 b - a +0 robe (worn)
 c - a +2 cloak (worn)
 q - a +1 pair of gloves (worn)
 T - a +1 hat (worn)
Jewellery
 u - an uncursed ring of positive energy
 F - an amulet of regeneration (around neck)
 M - the ring "Yrezuny" (right hand) {rElec MR+ MP+9 Str-4 Int+5}
   (You bought it in a shop on level 7 of the Dungeon)

   [ring of magical power]

   It affects your strength (-4).
   It affects your intelligence (+5).
   It insulates you from electricity.
   It affects your resistance to hostile enchantments.
   It affects your magic capacity (+9).
 O - a ring of protection from cold (left hand)
Wands
 H - a wand of paralysis (4)
 K - a wand of acid (3)
 L - a wand of disintegration (16)
 P - a wand of iceblast (5)
Scrolls
 f - 6 scrolls of enchant armour
 i - a scroll of immolation
 j - 2 scrolls of fog {unknown}
 l - 4 scrolls of remove curse
 m - 3 scrolls of blinking
 o - 2 scrolls of magic mapping
 p - a scroll of random uselessness {unknown}
 x - 3 scrolls of teleportation
 y - a scroll of summoning {unknown}
 A - 3 scrolls of fear
 E - a scroll of brand weapon {unknown}
 G - a scroll of enchant weapon
Potions
 a - 15 potions of degeneration
 g - 5 potions of lignification
 h - 2 potions of mutation
 k - 2 potions of invisibility
 n - a potion of experience {unknown}
 s - 6 potions of flight
 t - 4 potions of curing
 w - 2 potions of brilliance
 z - 5 potions of haste
 B - a potion of might
 C - 3 potions of cancellation
 Q - 3 potions of berserk rage
 R - a potion of magic {unknown}


   Skills:
 + Level 8.5(8.3) Fighting
 + Level 8.5(8.3) Short Blades
 + Level 8.5(8.3) Long Blades
 + Level 8.5(8.3) Axes
 + Level 8.5(8.3) Maces & Flails
 + Level 8.5(8.3) Polearms
 + Level 8.5(8.3) Staves
 + Level 8.5(8.3) Slings
 + Level 8.5(8.3) Bows
 + Level 8.5(8.3) Crossbows
 + Level 8.5(8.3) Throwing
 + Level 8.5(8.3) Armour
 + Level 9.7(9.5) Dodging
 + Level 9.5(9.3) Stealth
 + Level 8.5(8.3) Shields
 + Level 8.5(8.3) Unarmed Combat
 + Level 9.9(9.7) Spellcasting
 + Level 7.1(6.9) Conjurations
 + Level 7.1(6.9) Hexes
 + Level 7.1(6.9) Summonings
 + Level 7.1(6.9) Necromancy
 + Level 7.1(6.9) Translocations
 + Level 7.1(6.9) Transmutations
 + Level 7.1(6.9) Fire Magic
 + Level 10.1(9.9) Ice Magic
 + Level 7.1(6.9) Air Magic
 + Level 7.1(6.9) Earth Magic
 + Level 7.1(6.9) Poison Magic
 + Level 9.3(9.1) Invocations
 + Level 8.5(8.3) Evocations


You had 16 spell levels left.
You knew the following spells:

 Your Spells              Type           Power        Failure   Level
a - Freeze                Ice            ####         1%          1
b - Frozen Ramparts       Ice            ######       1%          3
c - Ozocubu's Armour      Ice            ######..     1%          3
d - Hailstorm             Conj/Ice       ######..     1%          4
e - Summon Ice Beast      Ice/Summ       ######..     1%          4

Your spell library contained the following spells:

 Spells                   Type           Power        Failure   Level
 Animate Skeleton         Necr           #####.       1%          1
 Corona                   Hex            #####..      1%          1
 Foxfire                  Conj/Fire      ####         1%          1
 Pain                     Necr           ####         1%          1
 Ensorcelled Hibernation  Hex/Ice        ######       1%          2
 Confusing Touch          Hex            #####...     1%          3
 Conjure Flame            Conj/Fire      #####...     1%          3
 Dazzling Flash           Conj/Hex       #####.       1%          3
 Inner Flame              Hex/Fire       #####...     1%          3
 Stone Arrow              Conj/Erth      #####.       1%          3
 Summon Guardian Golem    Hex/Summ       #####...     1%          3
 Tukima's Dance           Hex            #####...     1%          3
 Vampiric Draining        Necr           #####.....   1%          3
 Animate Dead             Necr           #####.....   2%          4
 Cause Fear               Hex            #####.....   2%          4
 Dispel Undead            Necr           #####...     2%          4
 Sticky Flame             Conj/Fire      #####...     2%          4
 Agony                    Necr           #####...     8%          5
 Bolt of Magma            Conj/Fire/Erth #####.....   8%          5
 Fireball                 Conj/Fire      #####.....   8%          5
 Yara's Violent Unravell  Hex/Tmut       #####.....   8%          5
 Invisibility             Hex            #####...     38%         6
 Borgnjor's Revivificati  Necr           #####.....   100%        8
 Death's Door             Necr           #####.....   100%        9
 Fire Storm               Conj/Fire      #####.....   100%        9


Dungeon Overview and Level Annotations

Branches:
Dungeon (12/15)            Temple (1/1) D:4            Lair (4/6) D:8
  Swamp (0/4) Lair:2       Spider (0/4) Lair:3          Orc (0/2) D:10
  Sewer (visited)         Ossuary (visited)         Volcano (visited)

Altars:
Ashenzari
Cheibriados
Dithmenos
Elyvilon
Fedhas
Gozag
Hepliaklqana
Kikubaaqudgha
Makhleb
Nemelex Xobeh
Okawaru
Qazlal
Ru
Sif Muna
Trog
Uskayaw
Vehumet
Wu Jian
Xom
Yredelemnul
Zin
The Shining One

Shops:
D:6 (   D:7 }:==

Annotations:
D:7 458 ring
D:10 2 transporters, RandomCharacter's ghost, journeyman VSBr


Innate Abilities, Weirdness & Mutations

Your experience applies equally to all skills.
You have very sharp teeth.
Your uncanny sense of smell can sniff out nearby items.


Message History

Your ice beast hits the elephant.
Your ice beast freezes the elephant!
The elephant tramples your ice beast!
Your ice beast stumbles backwards!
Unknown command.
You feel sick.
Your ice beast hits the elephant.
Your ice beast freezes the elephant!
The elephant dies!
Sif Muna accepts your kill.
Your ice beast hits the elephant but does no damage.
Casting: Summon Ice Beast (mildly dangerous; 1% risk of failure)
Confirm with . or Enter, or press ? or * to list all spells.
The walls around you are covered in ice.
You feel sick.
The wall freezes the elephant.
The elephant tramples you!
* * * LOW HITPOINT WARNING * * *
You stumble backwards!
Unknown command.
A wyvern comes into view.
The wall freezes the elephant.
You feel sick.
The wall freezes the elephant!
You feel better.
The wall freezes the elephant!
The elephant tramples you!
You die...

....)..#..####.............
...........................
.#....<.....>...# #......
#...P###..##...## #......
##..# ####.....###......
#... ##..P#.##...... ....
#..††......#
.......#######.Y......†.# ∆
####......@YY..Y.......##
.l.....?............#
#....##.#.P.........# #..#
#####.........# #.
#..........# # ..........##
##.........# ##........


You could see an elephant, a wyvern (asleep) and 3 friendly ice beasts.

Vanquished Creatures
  A red draconian (Volcano)
  A hydra (Lair:1)
  Harold (D:10)
  A boulder beetle (D:12)
  A centaur warrior (Volcano)
  3 two-headed ogres
  Sonja (D:11)
  3 unseen horrors
  A lindwurm (Lair:2)
  A manticore (D:12)
  2 elephants (Lair:4)
  A black mamba (Lair:4)
  A molten gargoyle (Volcano)
  2 centaur skeletons
  A gargoyle (Volcano)
  A kobold demonologist (D:8)
  A torpor snail (Lair:2)
  A rime drake (Lair:1)
  2 cane toads
  3 yaktaurs (Volcano)
  A komodo dragon (Lair:1)
  3 trolls
  7 blink frogs
  A polar bear (Lair:2)
  3 slime creatures (D:12)
  A wyvern (D:12)
  Eustachio (D:6)
  2 shadows (D:12)
  19 yaks
  Grum (D:11)
  A hog (shapeshifter) (D:11)
  A fire bat (Volcano)
  A vampire mosquito (D:12)
  A basilisk (Lair:3)
  A soldier ant (D:11)
  2 wargs (D:8)
  7 water moccasins
  An acid dragon (D:8)
  A swamp drake (D:10)
  3 ice beasts
  3 sky beasts
  2 eyes of draining
  A necrophage (D:11)
  9 orc warriors
  2 ogres
  2 black bears
  A phantom (D:10)
  8 wolves
  6 centaurs
  8 big kobolds
  Blork the orc (D:5)
  10 bullfrogs
  A water moccasin zombie (Ossuary)
  A wyvern skeleton (D:8)
  2 scorpions
  8 killer bees (D:11)
  8 wights
  A nameless horror (D:8)
  4 howler monkeys
  6 hounds
  2 lava snakes (Volcano)
  3 bullfrog skeletons (D:12)
  4 jellies
  7 orc priests
  11 orc wizards
  6 iguanas
  9 worker ants
  3 hound skeletons
  A mummy (D:6)
  A howler monkey zombie (D:4)
  2 worker ant zombies
  4 gnolls
  9 adders
  A river rat (Sewer)
  2 shadow imps
  4 adder zombies
  An adder skeleton (D:4)
  2 worms (D:2)
  7 leopard geckos
  71 orcs
  2 ball pythons
  9 bats
  7 giant cockroaches
  A gnoll zombie (Ossuary)
  5 goblins
  7 hobgoblins
  A jackal (Sewer)
  22 kobolds
  6 quokkas
  6 frilled lizards
  2 hobgoblin zombies (Ossuary)
  A jackal skeleton (D:4)
  A kobold zombie (Ossuary)
  A quokka skeleton (D:5)
  A quokka zombie (D:6)
  11 rats
404 creatures vanquished.

Vanquished Creatures (collateral kills)
  Snorg (D:11)
  Erica (D:8)
  2 two-headed ogres
  2 elephants (Lair:4)
  A deep elf mage (D:12)
  A centaur skeleton (D:10)
  A yaktaur (Volcano)
  A bog body (Lair:2)
  A blink frog (Lair:1)
  4 slime creatures (D:12)
  6 yaks
  2 basilisks (Lair:2)
  3 vampire mosquitoes (D:12)
  Edmund (D:6)
  A warg (D:8)
  A water moccasin (Lair:2)
  2 orc warriors
  2 ice beasts
  2 phantoms (D:10)
  4 ogres
  2 wolves (Lair:2)
  An eye of draining (D:12)
  A centaur (D:7)
  4 big kobolds (D:8)
  4 bullfrogs
  A gnoll sergeant (D:11)
  A scorpion (D:9)
  3 wights (D:6)
  A howler monkey (D:9)
  4 lava snakes (Volcano)
  A bullfrog zombie (D:11)
  3 orc wizards
  An orc priest (D:8)
  A bullfrog skeleton (D:6)
  A gnoll shaman (D:9)
  A worker ant (D:11)
  A big kobold zombie (Ossuary)
  A hound skeleton (D:7)
  2 mummies (Ossuary)
  5 gnolls (D:9)
  An adder (D:9)
  3 white imps
  An ufetubus (D:9)
  3 adder zombies (Ossuary)
  4 orcs
  2 gnoll zombies (Ossuary)
  3 hobgoblin zombies (Ossuary)
  3 kobolds (D:8)
  2 kobold zombies (Ossuary)
  4 orc zombies (Ossuary)
104 creatures vanquished.

Vanquished Creatures (others)
  2 kobolds (D:8)
  A hobgoblin zombie (Ossuary)
  9 fungi
  12 plants
24 creatures vanquished.

Grand Total: 532 creatures vanquished

Notes
Turn   | Place    | Note
-------+----------+-------------------------------------------
     0 | D:1      | robertstho the Gnoll Ice Elementalist began the quest for
                  | the Orb.
     0 | D:1      | Reached XP level 1. HP: 13/13 MP: 6/6
   267 | D:1      | Reached XP level 2. HP: 14/19 MP: 7/7
   955 | D:1      | Reached XP level 3. HP: 25/25 MP: 9/9
  1196 | D:2      | Reached skill level 5 in Spellcasting
  1308 | D:2      | Learned a level 3 spell: Frozen Ramparts
  1312 | D:2      | Learned a level 3 spell: Ozocubu's Armour
  1397 | D:2      | Reached skill level 1 in Invocations
  1576 | D:2      | Reached skill level 1 in Fighting
  1576 | D:2      | Reached skill level 1 in Short Blades
  1576 | D:2      | Reached skill level 1 in Long Blades
  1576 | D:2      | Reached skill level 1 in Axes
  1576 | D:2      | Reached skill level 1 in Maces & Flails
  1576 | D:2      | Reached skill level 1 in Polearms
  1576 | D:2      | Reached skill level 1 in Staves
  1576 | D:2      | Reached skill level 1 in Slings
  1576 | D:2      | Reached skill level 1 in Bows
  1576 | D:2      | Reached skill level 1 in Crossbows
  1576 | D:2      | Reached skill level 1 in Throwing
  1576 | D:2      | Reached skill level 1 in Armour
  1576 | D:2      | Reached skill level 1 in Shields
  1576 | D:2      | Reached skill level 1 in Unarmed Combat
  1576 | D:2      | Reached skill level 1 in Evocations
  1735 | D:2      | Reached XP level 4. HP: 30/32 MP: 2/11
  1830 | D:2      | Reached skill level 1 in Conjurations
  1830 | D:2      | Reached skill level 1 in Hexes
  1830 | D:2      | Reached skill level 1 in Summonings
  1830 | D:2      | Reached skill level 1 in Necromancy
  1830 | D:2      | Reached skill level 1 in Translocations
  1830 | D:2      | Reached skill level 1 in Transmutations
  1830 | D:2      | Reached skill level 1 in Fire Magic
  1830 | D:2      | Reached skill level 1 in Air Magic
  1830 | D:2      | Reached skill level 1 in Earth Magic
  1830 | D:2      | Reached skill level 1 in Poison Magic
  2078 | D:3      | Found a glowing drain.
  2096 | Sewer    | Entered a sewer
  2114 | Sewer    | Learned a level 4 spell: Hailstorm
  2177 | Sewer    | Noticed a big kobold
  2196 | Sewer    | Killed a big kobold
  2196 | Sewer    | Reached XP level 5. HP: 30/37 MP: 8/12
  2488 | Sewer    | Found a white marble altar of Elyvilon.
  3198 | D:3      | Reached XP level 6. HP: 43/44 MP: 13/13
  3583 | D:3      | Learned a level 4 spell: Summon Ice Beast
  3737 | D:4      | Found a shadowy altar of Dithmenos.
  3830 | D:4      | Found a staircase to the Ecumenical Temple.
  3839 | Temple   | Entered the Ecumenical Temple
  3948 | Temple   | Became a worshipper of Sif Muna the Loreminder
  3999 | D:4      | Reached skill level 5 in Dodging
  4695 | D:5      | Entered Level 5 of the Dungeon
  4720 | D:5      | Reached XP level 7. HP: 50/50 MP: 15/15
  4806 | D:5      | Reached * piety under Sif Muna
  5546 | D:5      | Reached skill level 5 in Stealth
  5637 | D:5      | Found a sparkling altar of Nemelex Xobeh.
  5637 | D:5      | Noticed Blork the orc
  5643 | D:5      | Killed Blork the orc
  5765 | D:5      | Reached XP level 8. HP: 57/57 MP: 12/16
  6397 | D:6      | Noticed Eustachio
  6410 | D:6      | Killed Eustachio
  6649 | D:6      | Found a sand-covered staircase.
  6659 | Ossuary  | Entered an ossuary
  6763 | Ossuary  | Reached ** piety under Sif Muna
  7218 | D:6      | Found Kyovireg's Weapon Boutique.
  7728 | D:6      | Noticed Edmund
  7735 | D:6      | Killed Edmund
  7735 | D:6      | Reached XP level 9. HP: 65/65 MP: 2/18
  7757 | D:6      | Got a translucent quarterstaff
  7757 | D:6      | Identified the +1 quarterstaff of the Poles {flame, Int+3}
                  | (You found it on level 6 of the Dungeon)
  8072 | D:7      | Reached skill level 8 in Ice Magic
  8115 | D:7      | Found Rumum's Jewellery Shop.
  8313 | D:7      | Found Ihaen's Jewellery Shoppe.
  8369 | D:7      | Found Peha's Book Shoppe.
  8412 | D:7      | Reached *** piety under Sif Muna
  8612 | D:7      | Found Xisure's Gadget Boutique.
  8801 | D:8      | Noticed a two-headed ogre
  8816 | D:8      | Killed a two-headed ogre
  8816 | D:8      | Reached skill level 5 in Invocations
  9000 | D:8      | Found an ancient bone altar of Kikubaaqudgha.
  9066 | D:8      | Reached XP level 10. HP: 54/73 MP: 13/20
  9258 | D:8      | Reached skill level 5 in Fighting
  9258 | D:8      | Reached skill level 5 in Short Blades
  9258 | D:8      | Reached skill level 5 in Long Blades
  9258 | D:8      | Reached skill level 5 in Axes
  9258 | D:8      | Reached skill level 5 in Maces & Flails
  9258 | D:8      | Reached skill level 5 in Polearms
  9258 | D:8      | Reached skill level 5 in Staves
  9258 | D:8      | Reached skill level 5 in Slings
  9258 | D:8      | Reached skill level 5 in Bows
  9258 | D:8      | Reached skill level 5 in Crossbows
  9258 | D:8      | Reached skill level 5 in Throwing
  9258 | D:8      | Reached skill level 5 in Armour
  9258 | D:8      | Reached skill level 5 in Shields
  9258 | D:8      | Reached skill level 5 in Unarmed Combat
  9258 | D:8      | Reached skill level 5 in Evocations
  9270 | D:8      | Noticed Erica
  9280 | D:8      | Killed Erica
  9302 | D:8      | Noticed a kobold demonologist
  9309 | D:8      | Noticed a rust devil
  9314 | D:8      | Noticed a smoke demon
  9317 | D:8      | Noticed a rust devil
  9321 | D:8      | Killed a kobold demonologist
  9494 | D:8      | Noticed a two-headed ogre
  9513 | D:8      | Killed a two-headed ogre
  9577 | D:8      | Found a staircase to the Lair.
  9931 | D:7      | Bought the ring "Yrezuny" {rElec MR+ MP+9 Str-4 Int+5} for
                  | 458 gold pieces
 10046 | D:9      | Found a burning altar of Makhleb.
 10145 | D:9      | Reached **** piety under Sif Muna
 10399 | D:9      | Reached XP level 11. HP: 45/81 MP: 13/22
 10879 | D:10     | Entered Level 10 of the Dungeon
 11020 | D:10     | Got a steaming glaive
 11020 | D:10     | Identified the +5 glaive of the Snake Pit {flame, rF- rN++}
                  | (You found it on level 10 of the Dungeon)
 11189 | D:10     | Reached skill level 5 in Conjurations
 11189 | D:10     | Reached skill level 5 in Hexes
 11189 | D:10     | Reached skill level 5 in Summonings
 11189 | D:10     | Reached skill level 5 in Necromancy
 11189 | D:10     | Reached skill level 5 in Translocations
 11189 | D:10     | Reached skill level 5 in Transmutations
 11189 | D:10     | Reached skill level 5 in Fire Magic
 11189 | D:10     | Reached skill level 5 in Air Magic
 11189 | D:10     | Reached skill level 5 in Earth Magic
 11189 | D:10     | Reached skill level 5 in Poison Magic
 11289 | D:10     | Found a transporter.
 11290 | D:10     | Noticed Harold
 11307 | D:10     | Killed Harold
 11427 | D:10     | Noticed a two-headed ogre
 11428 | D:10     | Noticed RandomCharacter's ghost (journeyman VSBr)
 11429 | D:10     | Found a transporter.
 11444 | D:10     | Noticed a two-headed ogre
 11620 | D:10     | Found a staircase to the Orcish Mines.
 11953 | D:11     | Noticed a two-headed ogre
 11961 | D:11     | Killed a two-headed ogre
 11961 | D:11     | Reached skill level 9 in Ice Magic
 12020 | D:11     | Noticed Grum
 12027 | D:11     | Killed Grum
 12142 | D:11     | Noticed a two-headed ogre
 12150 | D:11     | Killed a two-headed ogre
 12155 | D:11     | Noticed Snorg
 12166 | D:11     | Killed Snorg
 12271 | D:11     | Reached ***** piety under Sif Muna
 12308 | D:11     | Identified Sif Muna's Compendium of Beguiling and
                  | Confrontation (Sif Muna gifted it to you on level 11 of the
                  | Dungeon)
 12308 | D:11     | Received a gift from Sif Muna
 12801 | D:11     | Reached XP level 12. HP: 86/88 MP: 24/24
 12878 | D:11     | Noticed Sonja
 12897 | D:11     | Killed Sonja
 13800 | D:12     | Noticed a boulder beetle
 13825 | D:12     | Killed a boulder beetle
 13943 | D:12     | Noticed a two-headed ogre
 13953 | D:12     | Killed a two-headed ogre
 15103 | Lair:1   | Entered Level 1 of the Lair of Beasts
 15456 | Lair:1   | Noticed a four-headed hydra
 15465 | Lair:1   | Killed a four-headed hydra
 15465 | Lair:1   | Reached XP level 13. HP: 97/97 MP: 16/26
 15975 | Lair:2   | Identified Sif Muna's Disquisition on Black Arts (Sif Muna
                  | gifted it to you on level 2 of the Lair of Beasts)
 15975 | Lair:2   | Received a gift from Sif Muna
 16383 | Lair:2   | You fall into a shaft and drop 1 floor!
 16469 | Lair:3   | Found a hole to the Spider Nest.
 16480 | Lair:2   | Found a staircase to the Swamp.
 16582 | Lair:2   | Found a dark tunnel.
 16591 | Volcano  | Entered a volcano
 16965 | Volcano  | Found a burning altar of Makhleb.
 17139 | Volcano  | Got a transparent rapier
 17139 | Volcano  | Identified the +1 rapier "Jephuvak" {vorpal, *Drain +Fly
                  | rPois Str+7} (You found it in a volcano)
 17201 | Volcano  | Noticed a red draconian
 17413 | Volcano  | Killed a red draconian
 17413 | Volcano  | Reached skill level 10 in Ice Magic
 18964 | Lair:4   | Slain by an elephant

Illustrated notes

Levels and vault maps discovered:
D:1:      kilobyte_arrival_exit_the_forest, layout_loops_ring,
          minmay_crystal_room, chequers_serial_rivers_room_b,
          minmay_indecisive_spiral
D:2:      minmay_kobold_bridge, layout_rooms
D:3:      minmay_inner_zag, layout_loops_corners, portal_sewer_entry_b
D:4:      layout_basic, minmay_temple_entry_gardened_gates,
          minmay_misc_feat_ornament, grunt_dithmenos_smoke
D:5:      layout_loops_corners, basic_altar, uniq_blork_the_orc
D:6:      layout_gridville, gup_ossuary_entry_pyramid, serial_shops,
          kennysheep_mini, uniq_eustachio, uniq_edmund
D:7:      layout_cave_pools, serial_shops, shop, shop, nicolae_shop_trees, shop
D:8:      layout_basic, marbit_many_paths, erik_lair_orcish_takeover,
          special_room [special_room_kobold], uniq_erica
D:9:      layout_cave_pools, basic_altar, corexii_leaking_fountain,
          grunt_ministairs_8
D:10:     layout_rooms, erik_orc_1, gammafunk_ghost_smash, uniq_harold
D:11:     layout_loops_corners, uniq_grum, uniq_snorg, uniq_sonja
D:12:     layout_irregular_city
Temple:   kilobyte_greek_temple
Lair:1:   layout_regular_city, chequers_serial_rivers_micro_e,
          grunt_megastairs_3, lemuel_fruit_tree
Lair:2:   layout_roguey, skrybe_swamp_entry_bodies,
          nicolae_volcano_entry_vermiform, serial_bayou_shore_b
Lair:3:   layout_cave_shapes, dummy_spider_entry, serial_bayou_shore_b
Lair:4:   layout_small_grid, gammafunk_ghost_cemetery, minmay_lair_oklob_chamber

Skill      XL: |  1  2  3  4  5  6  7  8  9 10 11 12 13 |
---------------+----------------------------------------+-----
Spellcasting   | 5 6 7 8 9 |  9.9
Invocations    | 1 2 3 4 5 6 7 8 9 |  9.3
Fighting       | 1 2 3 4 5 6 7 8 |  8.5
Short Blades   | 1 2 3 4 5 6 7 8 |  8.5
Long Blades    | 1 2 3 4 5 6 7 8 |  8.5
Axes           | 1 2 3 4 5 6 7 8 |  8.5
Maces & Flails | 1 2 3 4 5 6 7 8 |  8.5
Polearms       | 1 2 3 4 5 6 7 8 |  8.5
Staves         | 1 2 3 4 5 6 7 8 |  8.5
Slings         | 1 2 3 4 5 6 7 8 |  8.5
Bows           | 1 2 3 4 5 6 7 8 |  8.5
Crossbows      | 1 2 3 4 5 6 7 8 |  8.5
Throwing       | 1 2 3 4 5 6 7 8 |  8.5
Armour         | 1 2 3 4 5 6 7 8 |  8.5
Shields        | 1 2 3 4 5 6 7 8 |  8.5
Unarmed Combat | 1 2 3 4 5 6 7 8 |  8.5
Evocations     | 1 2 3 4 5 6 7 8 |  8.5
Conjurations   | 1 2 3 4 5 6 7 |  7.1
Hexes          | 1 2 3 4 5 6 7 |  7.1
Summonings     | 1 2 3 4 5 6 7 |  7.1
Necromancy     | 1 2 3 4 5 6 7 |  7.1
Translocations | 1 2 3 4 5 6 7 |  7.1
Transmutations | 1 2 3 4 5 6 7 |  7.1
Fire Magic     | 1 2 3 4 5 6 7 |  7.1
Air Magic      | 1 2 3 4 5 6 7 |  7.1
Earth Magic    | 1 2 3 4 5 6 7 |  7.1
Poison Magic   | 1 2 3 4 5 6 7 |  7.1
Dodging        | 5 6 7 8 9 |  9.7
Stealth        | 5 6 7 8 9 |  9.5
Ice Magic      | 8 9 10 | 10.1

Action                   |  1- 3 |  4- 6 |  7- 9 | 10-12 | 13-15 || total
-------------------------+-------+-------+-------+-------+-------++-------
Melee: Short sword       |    45 |    38 |       |       |       ||    83
       Unarmed           |     3 |       |       |       |       ||     3
       Bite              |     6 |     5 |    27 |    23 |     3 ||    64
       Mace              |       |       |   116 |       |       ||   116
       Punch             |       |       |     1 |       |       ||     1
       Quarterstaff      |       |       |    39 |    50 |     4 ||    93
       Rapier            |       |       |       |    22 |       ||    22
       Glaive            |       |       |       |   141 |    39 ||   180
 Cast: Freeze            |    26 |       |     1 |       |       ||    27
       Frozen Ramparts   |     9 |    30 |    41 |    74 |    21 ||   175
       Summon Ice Beast  |       |     1 |    44 |    98 |    48 ||   191
       Hailstorm         |       |       |     1 |    14 |    32 ||    47
Invok: Channel Magic     |       |       |     2 |     2 |       ||     4
  Use: Scroll            |       |     6 |     8 |     6 |     5 ||    25
       Potion            |       |       |     2 |     2 |     3 ||     7
 Stab: Sleeping          |     6 |     3 |     5 |    10 |     3 ||    27
       Distracted        |       |       |     4 |     1 |       ||     5
Armor: Robe              |    14 |    15 |    57 |    49 |    13 ||   148
Dodge: Dodged            |    55 |    54 |   209 |   229 |    94 ||   641

Table legend: (Time is in decaauts)
 A = Elapsed time spent in this place.
 B = Non-inter-level travel time spent in this place.
 C = Inter-level travel time spent in this place.
 D = Time resting spent in this place.
 E = Time spent auto-exploring this place.
 F = Levels seen in this place.
 G = Mean time per level.
                   A        B        C        D        E       F      G
               +--------+--------+--------+--------+--------+-----+--------+
         Total |  19132 |  18556 |    576 |    840 |  13647 |  20 |  956.6 |
       Dungeon |  14204 |  13765 |    439 |    191 |  10668 |  12 | 1183.7 |
        Temple |    149 |    109 |     40 |      0 |    101 |   1 |  149.0 |
          Lair |   2649 |   2553 |     96 |      0 |   2102 |   4 |  662.2 |
         Sewer |    486 |    486 |      0 |    124 |    226 |   1 |  486.0 |
       Ossuary |    407 |    407 |      0 |     77 |    148 |   1 |  407.0 |
       Volcano |   1233 |   1233 |      0 |    448 |    401 |   1 | 1233.0 |
               +--------+--------+--------+--------+--------+-----+--------+

Top non-repeatable levels by time:
    D:12: 1790 daAuts
    D:11: 1520 daAuts
     D:5: 1450 daAuts
     D:6: 1367 daAuts
 Volcano: 1233 daAuts
     D:3: 1215 daAuts
     D:1: 1200 daAuts
  Lair:2: 1132 daAuts
     D:8: 1100 daAuts
     D:7: 1049 daAuts
    D:10: 935 daAuts
     D:4: 896 daAuts
  Lair:1: 872 daAuts
     D:9: 871 daAuts
     D:2: 809 daAuts
